[Event "Marmaris Karya-19 GM-May 2022"]
[Site "Icmeler-Marmaris"]
[Date "2022.05.15"]
[Round "4.4"]
[White "Benidze, Davit"]
[Black "Darban, Morteza"]
[Result "1/2-1/2"]
[ECO "D20"]
[WhiteElo "2425"]
[BlackElo "2279"]
[Annotator "TA"]
[PlyCount "28"]
[EventDate "2022.05.15"]
[EventType "schev"]
[EventCountry "TUR"]
[SourceTitle "playchess.com"]
[Source "ChessBase"]
[SourceQuality "1"]
[TimeControl "5400+30"]

1. d4 d5 2. c4 dxc4 3. e4 Nf6 4. e5 Nd5 5. Bxc4 Nc6 6. Nf3 Nb6 7. Bb3 Bg4 8. Ng5 Bxd1 9. Bxf7+ Kd7 10. Be6+ Ke8 11. Bf7+ Kd7 12. Be6+ Ke8 13. Bf7+ Kd7 14. Be6+ Ke8 {[%emt 0:00:30] A balanced but interesting game. D20: Queen's Gambit Accepted: 3 e3 and 3 e4.} 1/2-1/2

[Event "Marmaris Karya-19 GM-May 2022"]
[Site "Icmeler-Marmaris"]
[Date "2022.05.15"]
[Round "4.5"]
[White "Toufighi, Homayoon"]
[Black "Ozdemir, Serhan Berat"]
[Result "1/2-1/2"]
[ECO "A00"]
[WhiteElo "2439"]
[BlackElo "2117"]
[Annotator "TA"]
[PlyCount "35"]
[EventDate "2022.05.15"]
[EventType "schev"]
[EventCountry "TUR"]
[SourceTitle "playchess.com"]
[Source "ChessBase"]
[SourceQuality "1"]
[TimeControl "5400+30"]

1. g3 g6 2. Bg2 Bg7 3. e4 c5 4. h4 h5 5. Nc3 Nc6 6. d3 {[%emt 0:00:30] A00: Irregular Openings.} d6 7. Nh3 e6 8. O-O Nge7 9. Be3 {[%emt 0:00:30] [#]} Rb8 $146 ({Predecessor:} 9... Nd4 10. Qd2 Nec6 11. Nd1 e5 12. f3 O-O 13. c3 Ne6 14. f4 exf4 15. gxf4 f5 16. exf5 Rxf5 {1-0 (50) Coll Frances,J-Gutierrez Masdeu,J Tarragona 1994}) 10. Rb1 b5 11. Ne2 e5 12. f4 Bg4 13. Qd2 O-O 14. Nf2 Be6 15. Nh3 Bg4 16. Nf2 Be6 17. Nh3 Bg4 18. Nf2 {[%emt 0:00:30] Weighted Error Value: White=0.14 (very precise) /Black=0.15 (very precise)} 1/2-1/2

[Event "Marmaris Karya-19 GM-May 2022"]
[Site "Icmeler-Marmaris"]
[Date "2022.05.15"]
[Round "5.1"]
[White "Caglar, Sila"]
[Black "Gholami, Aryan"]
[Result "0-1"]
[ECO "B22"]
[WhiteElo "2133"]
[BlackElo "2530"]
[Annotator "TA"]
[PlyCount "60"]
[EventDate "2022.05.15"]
[EventType "schev"]
[EventCountry "TUR"]
[SourceTitle "playchess.com"]
[Source "ChessBase"]
[SourceQuality "1"]
[TimeControl "5400+30"]

1. e4 c5 2. c3 Nf6 3. e5 Nd5 4. Nf3 e6 5. d4 cxd4 6. cxd4 d6 7. Bc4 Nb6 8. Bb3 dxe5 9. Nxe5 Nc6 {[%emt 0:00:00] B22: Sicilian: 2 c3.} 10. Qf3 Bb4+ 11. Nc3 O-O {[%emt 0:00:30] The position is equal.} (11... Qxd4 $2 12. Qxf7+ Kd8 13. Nxc6+ bxc6 14. Bg5+ Qf6 15. Bxf6+ $18) 12. Nxc6 bxc6 13. O-O $132 {[%emt 0:02:00][%mdl 2048] White is not holding back} Qxd4 {[%emt 0:06:00] [#]} 14. Be3 $146 ({Predecessor:} 14. Rd1 Qh4 15. Ne4 e5 16. Bg5 Qg4 17. a3 Qxf3 18. gxf3 Ba5 19. Rac1 Nd5 20. Rxc6 {0-1 (32) Mamedov,R (2709)-Harikrishna,P (2744) Huaian 2017}) 14... Qe5 15. Rfe1 {[%emt 0:04:30] Bxb6 is the strong threat.} Qc7 16. Rac1 Ba6 (16... Bd6 $11) 17. Bf4 (17. Bd4 $14) 17... Qb7 18. Ne4 Nd5 (18... Bxe1 $15 19. Rxe1 Nd5) 19. Bxd5 $11 cxd5 20. Nf6+ Kh8 (20... gxf6 21. Bh6) 21. Qh5 {[%emt 0:02:30] [#]} Bd3 $1 $17 (21... gxf6 $6 22. Rc7 Qb6 23. Qh6 $11) 22. Re3 {[%emt 0:03:30] [#]} (22. Rc7 $17 Qb5 23. Rec1) 22... Bg6 $1 $19 {[%emt 0:02:30] This bishop pair is nice.} ({Less strong is} 22... gxf6 23. Rxd3 d4 24. Rxd4 $14 (24. Rh3 Qe4 $11)) 23. Qh4 (23. Qe5 Rfc8 24. Rxc8+ Qxc8 25. h4) 23... Be7 {[%emt 0:00:30] Black is clearly winning.} (23... gxf6 $2 {leads to mate.} 24. Qxf6+ Kg8 25. Be5 h6 26. Qh8#) 24. Be5 Rac8 25. Rce1 Rc4 {[%emt 0:01:30] Prevents Qf4.} 26. f4 Qb6 27. Kh1 (27. Nxd5 $142 Bxh4 28. Nxb6 axb6 29. b3) 27... Bxf6 28. Bxf6 gxf6 29. Qxf6+ Kg8 {[%emt 0:00:00][%cal Ob6e3] Strongly threatening ...Qxe3!} 30. Rg3 Qf2 {[%emt 0:00:30][%csl LRe1,LRf4] Weighted Error Value: White=0.54/Black=0.15 (very precise)} 0-1

[Event "Marmaris Karya-19 GM-May 2022"]
[Site "Icmeler-Marmaris"]
[Date "2022.05.15"]
[Round "5.2"]
[White "Gunduz, Umut Erdem"]
[Black "Sevdimaliyev, Urfan"]
[Result "1/2-1/2"]
[ECO "B38"]
[WhiteElo "2316"]
[BlackElo "2331"]
[Annotator "TA"]
[PlyCount "70"]
[EventDate "2022.05.15"]
[EventType "schev"]
[EventCountry "TUR"]
[SourceTitle "playchess.com"]
[Source "ChessBase"]
[SourceQuality "1"]
[TimeControl "5400+30"]

1. e4 c5 2. Nf3 Nc6 3. d4 cxd4 4. Nxd4 g6 5. c4 Bg7 6. Be3 Nf6 7. Nc3 O-O 8. Be2 d6 9. O-O Bd7 10. Rc1 Nxd4 11. Bxd4 Bc6 12. Qd2 {[%emt 0:02:30] Against Bh6. B38: Sicilian: Maroczy Bind with 5...Bg7 and 7...0-0.} e5 13. Be3 Nxe4 14. Nxe4 Bxe4 15. Rfd1 {[%emt 0:00:00] [#]} f5 $146 {[%emt 0:10:00][%cal Bf7f5,Bf5f4][%mdl 32] [#] Strongly threatening ...f4.} ({Predecessor:} 15... Bc6 16. Qxd6 Qh4 17. Qd2 Rad8 18. Qe1 f5 19. f3 Qxe1+ 20. Rxe1 a6 21. b3 e4 {0-1 (69) Grot,B (1768)-Markovits,A (2153) Chess.com INT 2020}) 16. f3 Bc6 17. b4 {[%emt 0:05:30] Threatening b5.} ({But not} 17. Qxd6 Qxd6 18. Rxd6 e4 $15) 17... f4 18. Bf2 {[%emt 0:00:00] aiming for b5.} e4 19. fxe4 Bxe4 20. Qxd6 Qxd6 21. Rxd6 Rfd8 {[%emt 0:08:30] [#]} (21... Be5 $11 22. Rd7 Bc6) 22. Rxd8+ (22. c5 $1 $16) 22... Rxd8 $11 {[%emt 0:00:00] The position is equal.} 23. Rd1 Rxd1+ 24. Bxd1 {[%emt 0:00:00][%mdl 4096] Endgame KBB-KBB} a6 25. Bf3 Bxf3 26. gxf3 {[%emt 0:00:00] KB-KB} b5 27. c5 {[%emt 0:05:00] Hoping for c6.} Kf7 28. Kf1 Ke6 29. Ke2 Kd5 30. Kd3 Be5 31. Be1 Bc7 32. Bc3 Bb8 33. Bg7 Bc7 34. Kc3 a5 35. Kb3 Bd8 {[%emt 0:04:49] Weighted Error Value: White=0.11 (very precise) /Black=0.11 (very precise)} 1/2-1/2

[Event "Marmaris Karya-19 GM-May 2022"]
[Site "Icmeler-Marmaris"]
[Date "2022.05.15"]
[Round "5.3"]
[White "Ozsakallioglu, Okan"]
[Black "Benidze, Davit"]
[Result "1/2-1/2"]
[ECO "B06"]
[WhiteElo "2312"]
[BlackElo "2425"]
[Annotator "TA"]
[PlyCount "62"]
[EventDate "2022.05.15"]
[EventType "schev"]
[EventCountry "TUR"]
[SourceTitle "playchess.com"]
[Source "ChessBase"]
[SourceQuality "1"]
[TimeControl "5400+30"]

1. e4 g6 2. d4 Bg7 3. Nc3 c6 4. Nf3 d6 5. Be3 Qb6 6. Rb1 {[%emt 0:00:30] [#] B06: Modern Defence.} Qa5 $146 ({Predecessor:} 6... Qc7 7. Qd2 b5 8. Bd3 Nd7 9. O-O Ngf6 10. h3 O-O 11. Ne2 c5 12. c3 c4 13. Bc2 {1-0 (33) Tkachiev,V (2641)-Istratescu,A (2633) Nancy 2012}) 7. b4 Qc7 8. Qd2 {[%emt 0:00:30] White is slightly better.} Bg4 9. Ng1 {[%emt 0:02:30] White is more active.} Nf6 10. h3 Bc8 11. g4 O-O 12. Bg2 Nbd7 13. Bh6 Bxh6 14. Qxh6 a5 {[%emt 0:00:30] Hoping for ...axb4.} 15. a3 axb4 16. axb4 e5 17. dxe5 Nxe5 18. Nge2 Re8 19. O-O Nc4 20. Nd4 Qe7 21. Rfe1 Qf8 22. Qxf8+ Kxf8 23. f4 Nd7 24. Kf2 Ndb6 25. Ra1 Bd7 26. Nb3 h6 27. Bf1 g5 28. Na5 Nxa5 29. bxa5 {[%emt 0:00:00] The position is equal.} Nc8 30. f5 Re5 31. Reb1 Rexa5 {[%emt 0:06:30] Weighted Error Value: White=0.09 (flawless) /Black=0.08 (flawless)} 1/2-1/2

[Event "Marmaris Karya-19 GM-May 2022"]
[Site "Icmeler-Marmaris"]
[Date "2022.05.15"]
[Round "5.4"]
[White "Darban, Morteza"]
[Black "Toufighi, Homayoon"]
[Result "1/2-1/2"]
[WhiteElo "2279"]
[BlackElo "2439"]
[Annotator "TA"]
[PlyCount "18"]
[EventDate "2022.05.15"]
[EventType "schev"]
[EventCountry "TUR"]
[SourceTitle "playchess.com"]
[Source "ChessBase"]
[SourceQuality "1"]
[TimeControl "5400+30"]

1. e4 c5 2. Nf3 d6 3. d4 cxd4 4. Nxd4 Nf6 5. Nc3 a6 6. Be3 {[%emt 0:00:00] [#]} Ng4 $146 ({Predecessor:} 6... e5 7. Nb3 Be6 8. f3 Nbd7 9. g4 h6 10. Qd2 b5 11. O-O-O Nb6 12. Qf2 Rb8 13. Nc5 b4 14. Nb1 d5 15. Nxe6 fxe6 16. exd5 Nbxd5 17. Nd2 Qc7 18. Bd3 Be7 19. Bg6+ Kf8 20. Kb1 Nxe3 21. Qxe3 {1-0 (59) Dominguez Perez,L (2756)-Shankland,S (2709) Saint Louis 2022}) 7. Bc1 Nf6 8. Be3 Ng4 {[%emt 0:00:00] 8...Nbd7 is a critical line.} 9. Bc1 Nf6 1/2-1/2

[Event "Marmaris Karya-19 GM-May 2022"]
[Site "Icmeler-Marmaris"]
[Date "2022.05.15"]
[Round "5.5"]
[White "Ozdemir, Serhan Berat"]
[Black "Maghalashvili, Davit"]
[Result "0-1"]
[ECO "B28"]
[WhiteElo "2117"]
[BlackElo "2456"]
[Annotator "TA"]
[PlyCount "66"]
[EventDate "2022.05.15"]
[EventType "schev"]
[EventCountry "TUR"]
[SourceTitle "playchess.com"]
[Source "ChessBase"]
[SourceQuality "1"]
[TimeControl "5400+30"]

1. e4 c5 2. Nf3 a6 3. c3 Nf6 4. e5 Nd5 5. d4 cxd4 6. cxd4 Nc6 {[%emt 0:00:30] B28: Sicilian: 2 Nf3 a6 (O'Kelly Variation).} 7. Bc4 (7. Nc3 $5 e6 8. Bd3 $14) 7... Nb6 8. Bb3 {[%emt 0:04:30] aiming for d5.} (8. Bxf7+ $5 Kxf7 9. d5 $11) 8... d5 {[%emt 0:00:30] White is slightly better.} 9. exd6 e6 {[%emt 0:00:30] [#]} 10. Bg5 $146 ({Predecessor:} 10. Nc3 Bxd6 11. O-O O-O 12. Re1 Ne7 13. Bg5 f6 14. Bd2 Nbd5 15. Re4 Bd7 16. Qe2 Kh8 17. Re1 Ng6 18. g3 f5 19. Nxd5 fxe4 {1-0 (83) Zhigalko,A (2563)-Kalashian,D (2379) Yerevan 2017}) 10... Qxd6 11. Nc3 Be7 12. Be3 Nb4 (12... Na5 $11) 13. O-O $14 O-O 14. Ne5 N4d5 15. Qf3 Nxe3 (15... a5 $11) 16. fxe3 $16 Qd8 17. Rad1 ({But not} 17. Nxf7 $6 Qe8 $11) 17... Qe8 18. e4 Bd7 19. Rd3 Bd6 20. Nxd7 Qxd7 21. e5 Be7 22. Qh5 {[%emt 0:03:30][%cal Of1f6] Black must now prevent Rf6!} Rad8 $2 {[%emt 0:01:30][%mdl 8192] [#]} (22... g6 $16 {is more resistant.} 23. Qh6 f5) 23. Rf4 $2 (23. Rf6 $3 $18 {[%mdl 512] and the rest is easy.}) 23... g6 24. Rg3 (24. Rg4 $1 $16 {Rh3 would kill now.} Kg7 25. Rh3) 24... Kg7 $1 $11 25. Rfg4 {[%emt 0:02:09] White wants to play Rh3.} Rg8 26. Bc2 $40 {[%emt 0:02:13][%mdl 128] White attacks.} (26. Kh1 $14 Kh8 27. Qh6) 26... Kh8 27. Qh6 Nc4 28. h4 Bf8 29. Qf4 {[%emt 0:01:40] [#]} (29. Qg5 $11 {keeps the balance.}) 29... Qc7 (29... h5 $1 $17 30. Qf6+ Rg7) 30. Kh2 $2 {[%emt 0:00:44] [#]} (30. Qf2 $14 {stays ahead.}) 30... f5 $1 $19 31. Bxf5 (31. exf6 Qxf4 32. Rxf4) 31... exf5 {[%emt 0:00:13] Black is clearly winning.} 32. Qxf5 Ne3 33. Rxg6 (33. Qe4 $142 Nxg4+ 34. Rxg4) 33... Rxg6 {[%emt 0:00:27] Black used his chance.  Weighted Error Value: White=0.88/Black=0.46} (33... Nxf5 $2 34. Rxg8#) (33... hxg6 $142 34. Qf2 Nf5) 0-1

[Event "Marmaris Karya-19 GM-May 2022"]
[Site "Icmeler-Marmaris"]
[Date "2022.05.15"]
[Round "6.1"]
[White "Sevdimaliyev, Urfan"]
[Black "Caglar, Sila"]
[Result "1/2-1/2"]
[ECO "A29"]
[WhiteElo "2331"]
[BlackElo "2133"]
[Annotator "TA"]
[PlyCount "115"]
[EventDate "2022.05.15"]
[EventType "schev"]
[EventCountry "TUR"]
[SourceTitle "playchess.com"]
[Source "ChessBase"]
[SourceQuality "1"]
[TimeControl "5400+30"]

1. c4 Nf6 2. g3 d5 3. cxd5 Nxd5 4. Bg2 e5 5. Nc3 Nb6 6. Nf3 Nc6 7. O-O Be7 8. a3 a5 9. d3 O-O 10. Be3 Be6 11. Na4 Nd5 12. Bc5 {[%emt 0:02:30] A29: English Opening: Four Knights Variation with 4 g3.} b5 (12... b6 $11 {is superior.} 13. Bxe7 Ndxe7) 13. Bxe7 $14 Qxe7 {[%emt 0:00:00] [#]} (13... Ndxe7 $14 14. Nc5 Bd5) 14. Qc1 $146 {[%emt 0:09:30] White is better.} ({Predecessor:} 14. Rc1 Nd4 15. Nc5 Nxf3+ 16. Bxf3 Ra7 17. Nxe6 Qxe6 18. Rc5 c6 19. Qc2 Ra6 20. Rc1 {1-0 (32) Dubov,D (2699)-Aravindh,C (2641) Chess.com INT 2020}) 14... Nd4 (14... Ra6 $14 {should be considered.} 15. Nc5 Rb6) 15. Nxd4 $16 exd4 16. Nc5 Rfd8 17. Nxe6 fxe6 18. Qc6 Rab8 19. Rfc1 Rb6 20. Qc5 Qxc5 21. Rxc5 c6 22. Rac1 Rd6 23. Kf1 a4 24. Ke1 Kf7 25. Kd2 b4 26. Bxd5 cxd5 {[%emt 0:01:30][%mdl 4096] Endgame KRR-KRR} 27. Rc7+ Kf6 28. Ra7 Ra6 {[%emt 0:08:30] [#]} 29. Rcc7 {[%emt 0:03:30] White is more active.} ({But not} 29. Rxa6 $6 Rxa6 30. axb4 Rb6 $11) 29... Rxa7 30. Rxa7 bxa3 31. bxa3 {[%emt 0:00:00] KR-KR} Rb6 32. Kc2 {[%emt 0:03:00] Prevents Rb2+.} Rc6+ 33. Kd1 Rb6 34. Rxa4 Rb1+ 35. Kc2 Ra1 36. Kb2 {[%emt 0:13:00] Prevents Ra2+.} (36. f3 $16) 36... Re1 $11 {[%emt 0:00:30] The position is equal.} 37. Rxd4 {[%emt 0:00:30] And now e3 would win.} Rxe2+ 38. Kb3 Ke5 39. Rf4 g5 $1 40. d4+ Kd6 41. Rf7 Rd2 42. Kc3 Ra2 43. Rxh7 Rxf2 44. Rg7 Rxh2 45. Rxg5 Ra2 46. Kb3 Rd2 47. Rg4 Kc6 48. a4 Kb6 49. Kc3 Ra2 50. Rg6 Ka5 51. g4 {[%emt 0:01:06] [#] Hoping for Rg8.} Ra3+ 52. Kd2 {[%emt 0:00:26] Threatens to win with Rg8.} Rg3 53. Ke2 {[%emt 0:04:24] Strongly threatening Rg8.} Kxa4 54. Kf2 Rd3 55. g5 {[%emt 0:00:48] Black must now prevent Rg8.} Rxd4 56. Rg8 {[%emt 0:01:21] aiming for g6.} Kb3 57. g6 Rb4 {[%emt 0:00:30] Prevents Rb8.} (57... Rg4 $2 58. g7 $18) 58. Re8 {[%emt 0:02:01] Weighted Error Value: White=0.08 (flawless) /Black=0.06 (flawless)} 1/2-1/2

[Event "Marmaris Karya-19 GM-May 2022"]
[Site "Icmeler-Marmaris"]
[Date "2022.05.15"]
[Round "6.2"]
[White "Benidze, Davit"]
[Black "Gunduz, Umut Erdem"]
[Result "1/2-1/2"]
[WhiteElo "2425"]
[BlackElo "2316"]
[Annotator "TA"]
[PlyCount "17"]
[EventDate "2022.05.15"]
[EventType "schev"]
[EventCountry "TUR"]
[SourceTitle "playchess.com"]
[Source "ChessBase"]
[SourceQuality "1"]
[TimeControl "5400+30"]

1. Nf3 d5 2. g3 Nf6 3. Bg2 Nc6 4. O-O Bf5 5. Nh4 {[%emt 0:00:00] [#]} Bc8 $146 ({Predecessor:} 5... Bg6 6. Nxg6 hxg6 {½-½ (6) Karanovic,I-Savic,N Kladovo 2016}) 6. Nf3 {[%emt 0:00:00] A07: Réti Opening: New York and Capablanca Systems.} Bf5 7. Nh4 Bc8 8. Nf3 Bf5 9. Nh4 {[%emt 0:00:00] An uneventful encounter.  Weighted Error Value: White=0.27 (precise) /Black=0.19 (very precise)} 1/2-1/2

[Event "Marmaris Karya-19 GM-May 2022"]
[Site "Icmeler-Marmaris"]
[Date "2022.05.15"]
[Round "6.3"]
[White "Toufighi, Homayoon"]
[Black "Ozsakallioglu, Okan"]
[Result "1-0"]
[ECO "A36"]
[WhiteElo "2439"]
[BlackElo "2312"]
[Annotator "TA"]
[PlyCount "89"]
[EventDate "2022.05.15"]
[EventType "schev"]
[EventCountry "TUR"]
[SourceTitle "playchess.com"]
[Source "ChessBase"]
[SourceQuality "1"]
[TimeControl "5400+30"]

1. c4 Nf6 2. Nc3 g6 3. g3 Bg7 4. Bg2 O-O 5. d3 d6 6. e4 c5 7. Nge2 Nc6 8. O-O a6 9. a3 Rb8 10. Rb1 b5 11. cxb5 axb5 12. b4 cxb4 13. axb4 Bg4 14. h3 {[%emt 0:06:00] A36: Symmetrical English vs ...g6: 4 Bg2 Bg7.} Bxe2 15. Nxe2 Nd7 16. Be3 {[%emt 0:01:30] White is slightly better.} e5 {[%emt 0:00:30] [#]} 17. f4 $146 ({Predecessor:} 17. Kh2 Nd4 18. f4 Nb6 19. f5 Na4 20. Qd2 Rc8 21. Nxd4 exd4 22. Bg5 f6 23. Bh6 Bxh6 24. Qxh6 {0-1 (57) Lee,J (2369)-Gan Od,S (2320) Chess.com INT 2020}) 17... Nd4 18. f5 Bf6 (18... d5 $14) 19. Kh1 (19. fxg6 {is more complex.} fxg6 20. Nxd4 exd4 21. Bh6) 19... Nxe2 20. Qxe2 Bg5 $1 21. Bg1 {[%emt 0:00:30] White is more active.} Bh6 22. h4 Rc8 23. Bh3 Rc3 24. Ra1 Nf6 25. Rf3 Qc8 (25... Nh5 $14) 26. Qf1 (26. g4 $1 $16 {[%cal Rg4g5] Hoping for g5.} Bf4 27. g5) 26... g5 ({Black should try} 26... Qd8 $1 $14) 27. Be3 $18 g4 {[%emt 0:00:30] [#]} 28. Bxh6 gxf3 29. Qxf3 {[%emt 0:00:30] aiming for Qe3.} (29. Bxf8 Kxf8 30. g4 (30. Qxf3 Rc1+ 31. Rxc1 Qxc1+ 32. Bf1 Qe1 $17) 30... f2 $11) 29... Kh8 30. Bxf8 Qxf8 31. Qe3 {[%emt 0:02:30] Prevents Qh6.} ({White has to play} 31. g4 $1 $18 ) 31... Ng8 (31... h5 $16) 32. g4 Qc8 33. g5 Rc2 34. f6 Qc3 35. Ra8 ({Weaker is} 35. Rb1 Rd2 36. Bf1 Ra2 $16) (35. Rg1 $18) 35... Rd2 $2 (35... Qxb4 $16 {is more resistant.} 36. Bg2 Qb2) 36. Bf1 {[%emt 0:03:30] White threatens Qa7 and mate.} Qc1 {[%emt 0:00:00] [#]} 37. Qh3 $40 {[%emt 0:13:30][%mdl 128] White has strong attack.} (37. Qf3 $1 $18 {and the rest is easy.} Qe1 38. Qh3) 37... Rc2 $16 {[%emt 0:04:00] [#]} 38. Ra7 $1 Qf4 39. Ra1 $1 {[%emt 0:00:30] And now Bg2 would win.} ({Much worse is} 39. Rxf7 Rh2+ 40. Qxh2 Qxf1+ 41. Qg1 Qh3+ 42. Qh2 Qf1+ 43. Qg1 Qh3+ 44. Qh2 Qf1+ $11) 39... Rb2 (39... Rc1 $1 $14 40. Rxc1 Qxc1) 40. Bg2 $18 Rxb4 41. Rf1 Qd2 42. Kh2 Rb2 43. Qg4 (43. Qg3 $16) 43... Rc2 (43... b4 $5 ) 44. Ra1 {[%emt 0:02:30] Black must now prevent Ra7.} b4 $2 (44... Ra2 $11 45. Rxa2 Qxa2) 45. Ra7 {[%emt 0:01:30] Weighted Error Value: White=0.32/Black=0.45} 1-0

[Event "Marmaris Karya-19 GM-May 2022"]
[Site "Icmeler-Marmaris"]
[Date "2022.05.15"]
[Round "6.4"]
[White "Maghalashvili, Davit"]
[Black "Darban, Morteza"]
[Result "1-0"]
[ECO "B51"]
[WhiteElo "2456"]
[BlackElo "2279"]
[Annotator "TA"]
[PlyCount "114"]
[EventDate "2022.05.15"]
[EventType "schev"]
[EventCountry "TUR"]
[SourceTitle "playchess.com"]
[Source "ChessBase"]
[SourceQuality "1"]
[TimeControl "5400+30"]

1. Nf3 c5 2. e4 d6 3. Bb5+ Nd7 4. c3 Ngf6 5. Qe2 a6 6. Ba4 Qc7 7. O-O {[%emt 0:02:30] B51: Sicilian: Moscow Variation (3 Bb5+) without 3...Bd7.} c4 8. Bc2 Ne5 9. Nxe5 {[%emt 0:05:00] White is slightly better.} dxe5 10. b3 cxb3 11. axb3 {[%emt 0:00:00] [#]} g6 $146 ({Predecessor:} 11... Bd7 12. Ba3 Rc8 13. f4 exf4 14. e5 Ng4 15. d4 Ne3 16. Rxf4 Nxc2 17. Qxc2 g5 {1-0 (26) Benjamin,J (2566)-Sarkar,J (2375) New York 2004}) 12. d4 exd4 13. cxd4 Bg7 (13... Qd6 $2 14. e5 Qe6 15. Qc4 $16) 14. Bb2 O-O 15. Nc3 (15. Rc1 $16) 15... Be6 $14 16. h3 Nh5 $1 17. Qe3 {[%emt 0:05:30] Against Ng3} Nf4 18. Rfc1 Qb8 (18... Rad8 $11 19. d5 Bd7) 19. Na4 b5 (19... Bh6 $14 20. Kh1 Nxh3 21. Qxh6 Nxf2+ 22. Kg1 Nh3+ 23. gxh3 Qg3+ 24. Kh1 Qf3+ 25. Kh2 Qf2+ 26. Kh1 Qf3+ 27. Kg1 (27. Kh2 Qf2+ 28. Kh1 Qf3+ $11) 27... Qg3+ 28. Kh1 Qf3+) 20. Nc5 $16 Bc8 21. b4 Rd8 22. Bd1 Ne6 23. Nb3 Qb6 24. Bg4 h5 25. Bxe6 Bxe6 26. Nc5 Bc8 {[%emt 0:01:16] [#]} (26... Bc4 $142) 27. Bc3 $1 {[%emt 0:01:30] White is more active.} Qd6 28. d5 f6 (28... Bxc3 $142 29. Rxc3 (29. Qxc3 Qf4 $16) 29... Qe5) 29. Rd1 $18 Kh7 30. f4 Bh6 (30... Qc7 {was worth a try.} 31. Bd4 Rf8) 31. e5 fxe5 32. Bxe5 Qb6 33. Bb2 Qd6 (33... Ra7 $142 34. Kh1 Rg8) 34. Re1 Bxf4 $2 (34... Rf8 35. Qxe7+ Qxe7 36. Rxe7+ Kg8) 35. Qxe7+ Qxe7 36. Rxe7+ Kh6 37. Rf1 g5 38. g3 Bxh3 39. gxf4 (39. Rf2 Rxd5 40. gxf4 gxf4 $18) 39... Bxf1 $2 (39... Rxd5 40. Rf2 gxf4) 40. Re6+ (40. Kxf1 Rxd5 41. Re6+ Kh7 $18) 40... Kh7 41. fxg5 {[%emt 0:00:30] Intending Rh6+ and mate.} ({Less strong is} 41. Kxf1 Rxd5 42. Ne4 Rf8 $16) 41... Rxd5 42. Rh6+ ({Stronger than} 42. Kxf1 Rxg5 43. Nd7 Rf5+ 44. Ke2 h4 $11) 42... Kg8 43. Rh8+ {[%emt 0:00:30][%mdl 64] [#] Skewer} (43. Kxf1 Rf5+ 44. Kg2 Rxg5+ 45. Kh3 Re8 $11) 43... Kf7 44. Rxa8 Bc4 45. Bf6 ({Not} 45. Nxa6 Rd1+ 46. Kf2 Rd2+ 47. Ke3 Rxb2 $15) 45... h4 46. Rxa6 Kg6 47. Be7+ Kf7 48. Ra7 Kg6 49. Ne4 Re5 50. Nf2 Re1+ 51. Kh2 Re2 52. Ra6+ Kf5 53. Rf6+ Kxg5 54. Re6+ Kh5 55. Rxe2 {[%emt 0:00:06] White is winning.} Bxe2 56. Ne4 Bf1 57. Nf6+ Kg6 {[%emt 0:01:03] Weighted Error Value: White=0.20 (precise) /Black=0.29 (precise)} 1-0

[Event "Marmaris Karya-19 GM-May 2022"]
[Site "Icmeler-Marmaris"]
[Date "2022.05.15"]
[Round "6.5"]
[White "Gholami, Aryan"]
[Black "Ozdemir, Serhan Berat"]
[Result "1-0"]
[ECO "A11"]
[WhiteElo "2530"]
[BlackElo "2117"]
[Annotator "TA"]
[PlyCount "101"]
[EventDate "2022.05.15"]
[EventType "schev"]
[EventCountry "TUR"]
[SourceTitle "playchess.com"]
[Source "ChessBase"]
[SourceQuality "1"]
[TimeControl "5400+30"]

1. Nf3 Nf6 2. g3 g6 3. b3 Bg7 4. Bb2 O-O 5. Bg2 d5 6. c4 c6 7. O-O Nbd7 8. d3 Re8 9. Nc3 e5 {[%emt 0:02:30] A11: English Opening: 1...c6.} 10. cxd5 cxd5 11. Rc1 a6 {[%emt 0:01:30] Prevents Nb5. The position is equal.} 12. b4 Nb6 13. Na4 Nxa4 14. Qxa4 {[%emt 0:00:30] [#]} Qd6 $146 ({Predecessor:} 14... Bd7 15. Qb3 Bh6 16. Nxe5 Bxc1 17. Rxc1 Be6 18. Qc3 Rc8 19. Qd4 Rxc1+ 20. Bxc1 Nh5 {1-0 (45) Machlowski,S (2112)-Wrobel,M (1996) Poland 2017}) 15. Qb3 Bg4 (15... d4 {with more complications.} 16. Ng5 Qe7 17. Rc5 h6) 16. Rc5 Rad8 17. Rfc1 h6 (17... d4 $11 {feels stronger.}) 18. h3 Bd7 19. e3 {[%emt 0:04:30] Prevents d4.} g5 20. a4 Bf5 (20... Qb8 $11) 21. b5 e4 (21... g4 $1 $14 22. hxg4 Nxg4) 22. dxe4 (22. Nd4 $142 Bg6 23. bxa6 bxa6 24. Rc6) 22... Nxe4 $16 23. Rc7 {[%emt 0:00:30] [#] Black must now prevent Bxg7.} Rd7 24. b6 (24. Rxd7 $16 Bxd7 25. Bxg7 Kxg7 26. Nd4) 24... Rxc7 $1 $14 25. Rxc7 Nc5 26. Qb4 Bxb2 27. Qxc5 (27. a5 $16) 27... Qxc5 (27... Ba3 $1 $11 28. Qxd6 Bxd6) 28. Rxc5 $16 Bd7 29. Nd4 Bxd4 30. exd4 $14 {[%emt 0:00:00][%mdl 4096] Endgame KRB-KRB} Re1+ 31. Kh2 Re2 $2 {[%emt 0:01:10][%mdl 8192] This move loses the game for Black.} (31... Bxa4 $11 32. Bxd5 Rb1) 32. Bxd5 $18 Bxa4 (32... Rxf2+ $2 33. Kg1 Rb2 34. a5 $18 (34. Bxb7 Rxb6 35. Bd5 Bxa4 $15)) 33. Rc7 Rxf2+ 34. Kg1 Rf6 35. Rxb7 Bc6 36. Rb8+ Kg7 37. Bc4 $2 (37. Bxc6 {And now Rc8 would win.} Rxc6 38. b7 Rc1+ 39. Kf2 Rc2+ 40. Ke3 Rc3+ 41. Ke4) 37... Bb5 {[%emt 0:01:21] [#]} 38. b7 $1 Bxc4 {[%emt 0:01:14] KRB-KR} 39. Rc8 Rf1+ 40. Kg2 Bd5+ $2 (40... Rb1 {is more resistant.} 41. b8=Q Bf1+ 42. Kf2 Rxb8 43. Rxb8 Bxh3) 41. Kxf1 {[%emt 0:00:30] White is clearly winning.} Bxb7 {[%emt 0:00:01] KR-KB} 42. Rc7 Bd5 43. Rc5 Be6 44. h4 Kf6 (44... Kg6 $142 45. Ke2 Bd7) 45. Kf2 Bd7 46. Kf3 Bb5 47. Ke4 Ke6 48. hxg5 hxg5 49. Rxg5 {[%emt 0:00:00] Threatens to win with Re5+.} f5+ 50. Kf4 Bd3 51. Rg8 {[%emt 0:00:30] Weighted Error Value: White=0.40/Black=0.66} 1-0